 Dungeon Crawl Stone Soup version 0.24.1-14-gf8d2b509d9 (webtiles) character file.

Game seed: 4098516692463102000, levelgen mode: deterministic

1497 Hugehornet the Conjurer (level 8, -10/67 HPs)
             Began as a Troll Wizard on May 22, 2020.
             Was a Follower of Sif Muna.
             Mangled by an orc warrior
             ... wielding a +0 glaive
              (23 damage)
             ... on level 6 of the Dungeon.
             The game lasted 00:15:52 (6080 turns).

Hugehornet the Conjurer (Troll Wizard)              Turns: 6080, Time: 00:15:53

Health: -10/67     AC:  9    Str: 16    XL:     8   Next: 51%
Magic:  0/10       EV:  9    Int: 16    God:    Sif Muna [*.....]
Gold:   225        SH:  0    Dex:  8    Spells: 2/11 levels left

rFire    . . .     SeeInvis .   (no weapon)
rCold    + . .     Gourm    +   (no shield)
rNeg     . . .     Faith    .   a - +0 robe
rPois    .         Spirit   .   b - +0 hat
rElec    .         Reflect  .   (no cloak)
rCorr    .         Harm     .   (gloves unavailable)
MR       .....                  (boots unavailable)
Stlth    +.........             (no amulet)
HPRegen  0.61/turn              p - +3 ring of protection
MPRegen  0.12/turn              u - ring of protection from cold

@: no status effects
A: large, unfitting armour, claws 3, fast metabolism 3, gourmand, regeneration
1, shaggy fur 1, tough skin 3
a: Channel Magic, Renounce Religion


You were on level 6 of the Dungeon.
You worshipped Sif Muna.
Sif Muna was aware of your devotion.
You were not hungry.

You visited 2 branches of the dungeon, and saw 7 of its levels.

You collected 225 gold pieces.

Inventory:

Armour
 a - a +0 robe (worn)
 b - a +0 hat (worn)
 s - the +9 plate armour of the Catfish {*Drain rPois Dex+2, unknown}
   (You found it on level 5 of the Dungeon)

   It affects your dexterity (+2).
   It protects you from poison.
   It causes draining when unequipped.
Jewellery
 p - a +3 ring of protection (left claw)
 u - a ring of protection from cold (right claw)
 x - an uncursed ring of resist corrosion {unknown}
Wands
 c - a wand of enslavement (21)
Scrolls
 e - 3 scrolls of teleportation {unknown}
 f - 2 scrolls of remove curse {unknown}
 g - 2 scrolls of amnesia {unknown}
 h - a scroll of torment {unknown}
 j - 3 scrolls of enchant armour {unknown}
 r - a scroll of identify
 t - 2 scrolls of enchant weapon {unknown}
 w - 2 scrolls of noise {unknown}
Potions
 i - 2 potions of brilliance
 k - 2 potions of heal wounds
 l - 2 potions of curing
 m - 2 potions of agility {unknown}
 n - a potion of resistance {unknown}
 o - a potion of lignification {unknown}
 q - a potion of ambrosia {unknown}
 v - a potion of degeneration {unknown}
Comestibles
 d - 18 rations


   Skills:
 - Level 1.5 Dodging
 - Level 1.0 Stealth
 - Level 2.0 Spellcasting
 - Level 4.1 Conjurations
   Level 0.6 Summonings
 + Level 2.3 Translocations
 - Level 3.0 Fire Magic
 - Level 3.1 Air Magic
 - Level 4.1 Poison Magic


You had 2 spell levels left.
You knew the following spells:

 Your Spells              Type           Power        Failure   Level  Hunger
a - Magic Dart            Conj           ##..         3%          1    #......
b - Blink                 Tloc           N/A          12%         2    ###....
c - Mephitic Cloud        Conj/Pois/Air  ##......     13%         3    ###....
d - Conjure Flame         Conj/Fire      ##......     14%         3    ###....

Your spell library contained the following spells:

 Spells                   Type           Power        Failure   Level  Hunger
 Call Imp                 Summ           #.......     24%         2    ###....
 Slow                     Hex            #.......     30%         2    ###....


Dungeon Overview and Level Annotations

Branches:
Dungeon (6/15)             Temple (1/1) D:4

Altars:
Ashenzari
Cheibriados
Dithmenos
Elyvilon
Fedhas
Gozag
Hepliaklqana
Kikubaaqudgha
Makhleb
Nemelex Xobeh
Okawaru
Qazlal
Ru
Sif Muna
Trog
Uskayaw
Wu Jian
Zin
The Shining One

Shops:
D:6 (

Annotations:
D:3 3 runed translucent doors, PIKKUHERKKO's ghost, weakling HOMo; Thefiffou's ghost, weakling DrEE


Innate Abilities, Weirdness & Mutations

You are too large for most types of armour.
You have claws for hands.
Your metabolism is lightning-fast.
You like to eat raw meat.
Your natural rate of healing is unusually fast.
You are covered in fur. (AC +1)
You have extremely tough skin. (AC +3)


Message History

You are too injured to fight recklessly!
You scratch the orc warrior.
The orc warrior is almost dead.
You completely miss the orc warrior.
The orc warrior is almost dead.
The orc warrior seems less confused.
The orc warrior hits you but does no damage.
You scratch the orc warrior but do no damage.
The orc warrior is almost dead.
The orc warrior hits you with a +0 glaive!!
* * * LOW HITPOINT WARNING * * *
Casting: Mephitic Cloud (safe; 13% risk of failure)
Confirm with . or Enter, or press ? or * to list all spells.
Aiming: Mephitic Cloud (safe; 13% risk of failure)
Press: ? - help, Shift-Dir - straight line, p - orc warrior The ball explodes into a vile cloud!
The stinking cloud engulfs the orc warrior but does no damage.
The orc warrior is almost dead.
The orc warrior hits you from afar with a +0 glaive!!
You die...

#......#......#..........
#......#......#..........
#......#.÷....#..........
#......#......#..........
###########...###'#####..........
..........#...##..☼.○......######
......o.).#....#..○○.......'.....
........).#....#..o........#.....
...............'@..........#.....
............#..#.........(.###'##
#############################..##
#......#.........
#......#.........
#......#.........
#......#.........
####################'#####'##.###
...............#......##...##+##.


You could see an orc warrior.

Vanquished Creatures
  A hippogriff (D:4)
  Duvessa (D:4)
  A water moccasin (D:6)
  An ice beast (D:4)
  A bullfrog (D:6)
  3 scorpions
  Dowan (D:4)
  3 crimson imps
  A bullfrog zombie (D:5)
  A jelly (D:5)
  2 orc priests (D:4)
  2 orc wizards
  2 iguanas
  Natasha (thrice) (D:4)
  3 worker ants
  A howler monkey skeleton (D:4)
  11 adders
  A shadow imp (D:5)
  4 oozes
  3 adder skeletons
  2 worms
  7 dart slugs
  4 leopard geckos
  16 orcs
  A ball python (D:2)
  6 giant cockroaches
  8 goblins
  12 hobgoblins
  14 jackals
  4 quokkas
  10 bats
  3 frilled lizards
  11 kobolds
  A quokka skeleton (D:3)
  7 rats
152 creatures vanquished.

Notes
Turn   | Place    | Note
-------+----------+-------------------------------------------
     0 | D:1      | Hugehornet the Troll Wizard began the quest for the Orb.
     0 | D:1      | Reached XP level 1. HP: 16/16 MP: 2/2
    18 | D:1      | Reached skill level 1 in Conjurations
    78 | D:1      | Reached XP level 2. HP: 18/24 MP: 4/4
    96 | D:1      | Learned a level 2 spell: Blink
   487 | D:1      | Reached XP level 3. HP: 31/31 MP: 5/5
   698 | D:1      | Learned a level 3 spell: Mephitic Cloud
   708 | D:2      | Reached skill level 1 in Translocations
   900 | D:2      | Reached XP level 4. HP: 38/39 MP: 6/6
  1153 | D:2      | Reached skill level 1 in Poison Magic
  1181 | D:2      | Reached skill level 1 in Air Magic
  1319 | D:2      | Found a sparkling altar of Nemelex Xobeh.
  1926 | D:3      | Reached XP level 5. HP: 45/45 MP: 7/7
  2061 | D:3      | Found a sacrificial altar of Ru.
  2250 | D:3      | Found a runed translucent gate.
  2339 | D:3      | Found a runed translucent gate.
  2339 | D:3      | Noticed PIKKUHERKKO's ghost (weakling HOMo)
  2340 | D:3      | Found a runed translucent gate.
  2340 | D:3      | Noticed Thefiffou's ghost (weakling DrEE)
  2761 | D:4      | Noticed Natasha
  2804 | D:4      | Killed Natasha
  2804 | D:4      | Reached XP level 6. HP: 53/53 MP: 5/8
  2933 | D:4      | Learned a level 3 spell: Conjure Flame
  2962 | D:4      | Noticed Natasha
  2969 | D:4      | Killed Natasha
  2983 | D:4      | Found a staircase to the Ecumenical Temple.
  2993 | D:4      | Noticed Dowan
  2993 | D:4      | Noticed Duvessa
  3034 | D:4      | Killed Dowan
  3037 | Temple   | Entered the Ecumenical Temple
  3052 | Temple   | Became a worshipper of Sif Muna the Loreminder
  3141 | D:4      | Killed Duvessa
  3141 | D:4      | Reached skill level 1 in Fire Magic
  3336 | D:4      | Reached XP level 7. HP: 55/59 MP: 9/9
  3407 | D:4      | Noticed Natasha
  3417 | D:4      | Killed Natasha
  3471 | D:4      | Noticed a hippogriff
  3478 | D:4      | Killed a hippogriff
  4085 | D:5      | Entered Level 5 of the Dungeon
  4377 | D:5      | Reached XP level 8. HP: 67/67 MP: 2/10
  4830 | D:5      | Reached * piety under Sif Muna
  4915 | D:5      | Found a glowing golden altar of the Shining One.
  5050 | D:5      | Got a slimy plate armour
  5456 | D:6      | Found Nousup's Antique Weapon Shoppe.
  5763 | D:6      | Found a bloodstained altar of Trog.
  6080 | D:6      | Mangled by an orc warrior

Levels and vault maps discovered:
D:1:      dpeg_arrival_fog, layout_basic
D:2:      layout_loops_ring, nicolae_overflow_hidden_temple
D:3:      layout_basic, nicolae_ru_awakened_eye, gammafunk_ghost_cemetery
D:4:      layout_basic, minmay_temple_entry_slanted, uniq_duvessa, uniq_natasha
D:5:      corexii_shack_village, layout_rooms, tso_metal_star, first_ration
D:6:      layout_gridville, bloody_trog, serial_shops, shop
Temple:   nicolae_temple_no_exploring_needed

Skill      XL: |  1  2  3  4  5  6  7  8 |
---------------+-------------------------+-----
Conjurations   | 1 2 3 4 |  4.1
Translocations | 1 2 |  2.3
Poison Magic   | 1 2 3 4 |  4.1
Air Magic      | 1 2 3 |  3.1
Fire Magic     | 1 3 |  3.0
Dodging        | |  1.5
Stealth        | |  1.0
Spellcasting   | |  2.0
Summonings     | |  0.6

Action                   |  1- 3 |  4- 6 |  7- 9 || total
-------------------------+-------+-------+-------++-------
Melee: Unarmed           |   111 |   358 |   349 ||   818
 Cast: Mephitic Cloud    |       |     6 |     8 ||    14
       Conjure Flame     |       |     1 |     7 ||     8
       Magic Dart        |       |       |    14 ||    14
       Blink             |       |       |     4 ||     4
  Use: Scroll            |       |     3 |     2 ||     5
       Potion            |       |       |     4 ||     4
 Stab: Sleeping          |     2 |     4 |     3 ||     9
       Invisible         |       |       |     3 ||     3
  Eat: Chunk             |    12 |    21 |    25 ||    58
Armor: Robe              |    38 |   184 |   166 ||   388
Dodge: Dodged            |    39 |   179 |   143 ||   361
